 Dungeon Crawl Stone Soup version 0.32-a0-872-g59262bdc9b (webtiles) character file.

Game seed: 16637530646033626739

2486 BubbleThief the Fighter (level 9, -1/109 HPs)
             Began as an Oni Gladiator on Mar 30, 2024.
             Was an Initiate of Hepliaklqana.
             Slain by a wyvern (11 damage)
             ... on level 7 of the Dungeon.
             The game lasted 00:09:25 (6475 turns).

BubbleThief the Fighter (Oni Gladiator)             Turns: 6475, Time: 00:09:26

Health: -1/109     AC:  3    Str: 20    XL:     9   Next: 52%
Magic:  10/11      EV:  9    Int: 15    God:    Hepliaklqana [......]
Gold:   225        SH:  0    Dex: 14    Spells: 8/8 levels left

rFire   . . .        y - +5 hand axe (freeze)
rCold   . . .        (no shield)
rNeg    . . .        b - +0 robe
rPois   .            c - +0 hat
rElec   .            (no cloak)
rCorr   .            (gloves unavailable)
SInv    .            (boots unavailable)
Will    .....        (no amulet)
Stlth   +            r - +6 ring of intelligence
HPRegen 0.38/turn    (no ring)
MPRegen 0.12/turn

%: no passive effects
@: no status effects
A: large, unfitting armour, horns 1, tough skin 1, double potion healing,
drunken brawling
a: Renounce Religion


You were on level 7 of the Dungeon.
You worshipped Hepliaklqana.
Hepliaklqana was noncommittal.
You visited 2 branches of the dungeon, and saw 8 of its levels.

You collected 225 gold pieces.

Inventory:

Hand Weapons
 y - a +5 hand axe of freezing (weapon)
Missiles
 d - 2 throwing nets (quivered)
 e - a large rock
Armour
 b - a +0 robe (worn)
 c - a +0 hat (worn)
Jewellery
 r - a +6 ring of intelligence (left hand)
Scrolls
 g - 3 scrolls of poison {unknown}
 h - 3 scrolls of teleportation {unknown}
 k - a scroll of fog {unknown}
 m - 2 scrolls of blinking {unknown}
 n - 2 scrolls of enchant armour {unknown}
 q - 3 scrolls of identify {unknown}
 s - 4 scrolls of noise {unknown}
 t - a scroll of fear {unknown}
 w - 3 scrolls of brand weapon {unknown}
Potions
 f - a potion of haste {unknown}
 i - 2 potions of heal wounds {unknown}
 j - a potion of attraction {unknown}
 l - a potion of curing {unknown}
 o - a potion of enlightenment {unknown}
 p - a potion of brilliance {unknown}
 u - 2 potions of resistance {unknown}
 v - a potion of cancellation {unknown}


   Skills:
 + Level 12.7 Fighting
 - Level 8.2 Polearms
 - Level 2.0 Throwing
 - Level 2.6 Dodging
 + Level 2.7 Invocations


You had 8 spell levels left.
You didn't know any spells.
Your spell library was empty.

Dungeon Overview and Level Annotations

Branches:
Dungeon (7/15)             Temple (1/1) D:6

Altars:
Cheibriados
Dithmenos
Elyvilon
Hepliaklqana
Kikubaaqudgha
Makhleb
Nemelex Xobeh
Okawaru
Qazlal
Ru
Sif Muna
Trog
Uskayaw
Vehumet
Xom
Yredelemnul
Zin
The Shining One


Innate Abilities, Weirdness & Mutations

You are too large for most types of armour.
You have a pair of small horns on your head.
You have tough skin. (AC +1)
You gain doubled healing and magic from potions.
Whenever you drink a healing potion, you attack all around you.


Message History

You hit the wyvern but do no damage. You hit the orc. You freeze the orc.
You kill the orc!
The wyvern bites you!
The orc hits you from afar with a +0 spear.
The orc warrior barely misses you. The wyvern bites you.
You barely miss the orc warrior. You headbutt the orc warrior!
The orc warrior is almost dead.
You hit the wyvern. You freeze the wyvern. The orc barely misses you.
The wyvern bites you! The orc warrior barely misses you.
You are too injured to fight recklessly!
Unknown command.
You hit the orc warrior. You freeze the orc warrior.
You kill the orc warrior!
You hit the wyvern. You freeze the wyvern. The wyvern bites you.
The orc barely misses you. The wyvern bites you.
Unknown command.
You hit the wyvern. You freeze the wyvern. Your headbutt misses the wyvern.
The wyvern is heavily wounded.
The orc misses you. The wyvern bites you.
* * * LOW HITPOINT WARNING * * *
Unknown command.
Unknown command.
You barely miss the wyvern. Your headbutt misses the wyvern.
The wyvern is heavily wounded.
The wyvern closely misses you. The orc closely misses you.
The wyvern bites you!
* * * LOW HITPOINT WARNING * * *
Unknown command.
You hit the wyvern but do no damage.
The wyvern is heavily wounded.
The orc hits you but does no damage. The wyvern closely misses you.
Unknown command.
Unknown command.
You hit the wyvern. You freeze the wyvern. Your headbutt misses the wyvern.
The wyvern is severely wounded.
The wyvern bites you!
* * * LOW HITPOINT WARNING * * *
The orc misses you. The wyvern bites you!
You die...
Hepliaklqana delivers you to your ancestors.

..###.###........
................
...............###.
..>..............oo
.>#..............
.......o!...... .
#.[.k))....####.#
#....@###...#...#
##.............###
.........†#.........
.....####...........
.....###..)..######.
...# #.......#
##...#.#..)###
.........)†.# .
##.............#


You could see a wyvern and an orc.

Vanquished Creatures
  Pikel (D:5)
  Eustachio (D:6)
  2 orc warriors
  3 ogres
  4 lemures (D:5)
  2 phantoms
  3 bullfrogs
  A scorpion (D:5)
  4 wights
  4 orc priests
  2 jellies
  4 hounds
  2 sleepcaps
  6 iguanas
  Terence (D:3)
  4 orc wizards
  4 gnolls (D:7)
  8 adders
  2 shadow imps
  An adder zombie (D:2)
  8 dart slugs
  2 ribbon worms (D:2)
  9 orcs
  3 ball pythons
  3 bat zombies (D:2)
  8 endoplasms
  5 giant cockroaches
  5 goblins
  7 hobgoblins
  2 kobolds
  5 quokkas
  A ball python skeleton (D:2)
  3 bats
  4 frilled lizards
  A giant cockroach zombie (D:2)
  3 rats
128 creatures vanquished.

Vanquished Creatures (others)
  An orc wizard (D:5)
1 creature vanquished.

Grand Total: 129 creatures vanquished

Notes
Turn   | Place    | Note
-------+----------+-------------------------------------------
     0 | D:1      | BubbleThief the Oni Gladiator began the quest for the Orb.
     0 | D:1      | Reached XP level 1. HP: 22/22 MP: 1/1
   104 | D:1      | Reached skill level 3 in Fighting
   166 | D:1      | Reached XP level 2. HP: 30/31 MP: 2/2
   491 | D:1      | Found a faded altar of an unknown god.
   904 | D:2      | Reached XP level 3. HP: 39/39 MP: 3/3
   940 | D:2      | Reached skill level 4 in Fighting
  1092 | D:2      | Reached XP level 4. HP: 43/49 MP: 4/4
  1762 | D:3      | Noticed an ogre
  1770 | D:3      | Killed an ogre
  1771 | D:3      | Reached skill level 5 in Fighting
  1771 | D:3      | Reached XP level 5. HP: 57/57 MP: 5/5
  1778 | D:3      | Found an ancient bone altar of Kikubaaqudgha.
  1811 | D:3      | Noticed Terence
  1832 | D:3      | Killed Terence
  2104 | D:3      | Found a sacrificial altar of Ru.
  2112 | D:3      | Reached skill level 5 in Polearms
  2115 | D:3      | Reached skill level 6 in Fighting
  2115 | D:3      | Reached XP level 6. HP: 58/67 MP: 6/6
  2577 | D:4      | Found a stormy altar of Qazlal.
  2768 | D:4      | Reached skill level 7 in Fighting
  2768 | D:4      | Reached XP level 7. HP: 25/78 MP: 7/7
  3160 | D:5      | Entered Level 5 of the Dungeon
  3949 | D:5      | Reached skill level 8 in Fighting
  4032 | D:5      | Reached XP level 8. HP: 25/89 MP: 8/8
  4279 | D:5      | Noticed Pikel
  4324 | D:5      | Killed Pikel
  4325 | D:5      | Reached skill level 9 in Fighting
  5355 | D:6      | Reached skill level 10 in Fighting
  5523 | D:6      | Reached XP level 9. HP: 89/102 MP: 9/9
  5566 | D:6      | Found an iron altar of Okawaru.
  5655 | D:6      | Reached skill level 11 in Fighting
  5900 | D:6      | Noticed Eustachio
  5929 | D:6      | Killed Eustachio
  5930 | D:6      | Reached skill level 12 in Fighting
  6021 | D:6      | Found a staircase to the Ecumenical Temple.
  6036 | Temple   | Entered the Ecumenical Temple
  6054 | Temple   | Became a worshipper of Hepliaklqana the Forgotten
  6376 | D:7      | Reached skill level 1 in Invocations
  6475 | D:7      | Slain by a wyvern

Illustrated notes

Levels and vault maps discovered:
D:1:      elethiomel_arrival_shortcut, layout_loops_cross,
          hellmonk_ecumenical_altar_arch_garden, chequers_big_river,
          nrook_mini_vaults, roderic_serpentine_path
D:2:      layout_loops_cross, serial_undead, serial_undead_d, serial_undead_c,
          serial_undead_c, serial_undead_a, serial_undead_a, serial_undead_f,
          serial_undead_b
D:3:      layout_loops_ring, nicolae_ru_great_annihilating_truth,
          overflow_temple_1_default, uniq_terence
D:4:      layout_cave_pools, nicolae_qazlal_scattered_showers
D:5:      layout_layer_cave, uniq_pikel
D:6:      layout_rooms, nicolae_overflow_hidden_temple,
          minmay_temple_entry_proselytizer, uniq_eustachio
D:7:      layout_rooms, grunt_gozag_breadcrumbs, ashenzari_altar_1,
          fedhas_altar_3, minmay_misc_feat_enclosed, grunt_ministairs_12
Temple:   eino_temple_water

Skill      XL: |  1  2  3  4  5  6  7  8  9 |
---------------+----------------------------+-----
Fighting       | 3 4 5 6 7 8 10 12 | 12.7
Polearms       | 4 5 6 8 |  8.2
Invocations    | 2 |  2.7
Throwing       | |  2.0
Dodging        | |  2.6

Action                     |  1- 3 |  4- 6 |  7- 9 || total
---------------------------+-------+-------+-------++-------
  Melee: Trident           |    77 |   178 |   159 ||   414
         Headbutt          |     7 |    20 |    63 ||    90
         Hand axe          |       |       |    99 ||    99
  Throw: Throwing net      |       |     1 |     3 ||     4
   Stab: Sleeping          |     1 |     2 |       ||     3
         Held in net/web   |       |     1 |     1 ||     2
         Invisible         |       |     1 |       ||     1
         Paralysed         |       |     1 |       ||     1
 Armour: Robe              |    51 |    80 |   165 ||   296
  Dodge: Dodged            |    24 |    75 |   109 ||   208

Table legend: (Time is in decaauts)
 A = Elapsed time spent in this place.
 B = Non-inter-level travel time spent in this place.
 C = Inter-level travel time spent in this place.
 D = Time resting spent in this place.
 E = Time spent auto-exploring this place.
 F = Levels seen in this place.
 G = Mean time per level.
                   A        B        C        D        E       F      G
               +--------+--------+--------+--------+--------+-----+--------+
         Total |   6492 |   6314 |    178 |    196 |   5043 |   8 |  811.5 |
       Dungeon |   6456 |   6294 |    162 |    196 |   5043 |   7 |  922.3 |
        Temple |     35 |     19 |     16 |      0 |      0 |   1 |   35.0 |
               +--------+--------+--------+--------+--------+-----+--------+

Top non-repeatable levels by time:
     D:5: 1898 daAuts
     D:6: 1269 daAuts
     D:3: 936 daAuts
     D:1: 825 daAuts
     D:2: 718 daAuts
     D:4: 697 daAuts
     D:7: 110 daAuts
  Temple: 35 daAuts
